Description

Dark vs Clem game 1 at TSL7 dark's timing attack using nydus in main with queens roaches and lings seems a hard build to do but if it beats Clem in ZvT it is good. Im just a random diamond player so i dont really know what Im talking about in the analysis part so please if you have tips share them.

VOD

https://www.youtube.com/watch?v=6NJ6wCMLWow

Replay - Dark v LiquidClem: Game 1 - Oxide LE

Build Order

Get SALT Encoding   

  12  0:00  Drone  
  13  0:13  Overlord  
  13  0:18  Drone  
  14  0:32  Drone x2  
  16  0:49  Hatchery  
  15  0:51  Drone x2  
  17  0:58  Drone  
  18  1:09  Extractor  
  17  1:13  Spawning Pool  
  17  1:16  Drone x2  
  18  1:29  Drone  
  21  2:01  Queen x2  
  21  2:03  Zergling x4  
  27  2:12  Zergling x2  
  27  2:13  Overlord  
  28  2:20  Hatchery  
  30  2:40  Queen  
  32  2:50  Lair  
  32  2:52  Overlord  
  34  3:00  Extractor  
  34  3:08  Overlord  
  38  3:21  Queen  
  40  3:32  Roach Warren  
  40  3:38  Extractor  
  41  3:45  Queen  
  43  3:54  Nydus Network  
  43  4:01  Overlord  
  46  4:12  Roach x2  
  50  4:18  Roach x2  
  50  4:24  Roach  
  56  4:37  Nydus Canal  
  56  4:40  Overseer, Roach x4  
  64  5:04  Nydus Canal  
  64  5:05  Roach  
  74  5:14  Ravager  
  77  5:25  Overseer  
Spawning Tool Build Advisor. Get it on Overwolf

Analysis

Try to hide untill the very last moment your overlord who will gives you vision on main so you can nydus. If your first nexus cant pop out, try to make it at the natural, even in front of the natural if you have to because you need the queens.

Go to:

Details

  • Created by: Hellam
  • Published on: Jul 06, 2021
  • Modified on: Jul 06, 2021
  • Patch: 4.11.0
  • Difficulty: Hard
Show
View Real Time Build Order
Export as new Build Order

Comments (1)

On July 6, 2021, 7:34 a.m., Hammer  said:

One point that I think is important to bring up, Dark sent his ovie by the natural in as a distraction so that he could place the nydus down with his other ovie in the back of the main.

Create an account to comment!